 Dungeon Crawl Stone Soup version 0.17.0-24-gcfadda4 (webtiles) character file.

737 Ijustatesigmund the Conjurer (level 7, -1/52 HPs)
             Began as a Demonspawn Wizard on Nov 16, 2015.
             Was an Initiate of Okawaru.
             Shot with an arrow by a centaur (5 damage)
             ... on level 5 of the Dungeon.
             The game lasted 00:22:59 (7205 turns).

Ijustatesigmund the Conjurer (Demonspawn Wizard)    Turns: 7205, Time: 00:22:59

Health: -1/52      AC:  5    Str:  7    XL:     7   Next: 46%
Magic:  6/11       EV: 13    Int: 21    God:    Okawaru [......]
Gold:   176        SH:  0    Dex: 12    Spells: 4 memorised, 4 levels left

rFire  . . .     SeeInvis .     g - +0 dagger
rCold  . . .     Clarity  +     j - +0 robe (curse)
rNeg   . . .     SustAt   .     (no shield)
rPois  .         Gourm    .     b - +0 hat
rElec  .         Spirit   .     f - +1 cloak
rCorr  .         Warding  .     (no gloves)
rMut   .         Stasis   .     (no boots)
MR     +....                    k - amulet of clarity
Stlth  ++........               (no ring)
                                h - ring of protection from magic

@: somewhat resistant to hostile enchantments, unstealthy
A: talons 1, molten scales 1, rot immunity
a: Renounce Religion


You were on level 5 of the Dungeon.
You worshipped Okawaru.
Okawaru was noncommittal.
You were not hungry.

You visited 2 branches of the dungeon, and saw 6 of its levels.

You collected 176 gold pieces.

Inventory:

Hand Weapons
 e - a +4 spear of piercing
 g - a +0 dagger (weapon)
 t - a +1 spear of piercing
 v - a +0 blowgun
Missiles
 m - a throwing net
 s - 3 javelins (quivered)
 u - 11 poisoned needles
Armour
 a - a +0 robe
 b - a +0 hat (worn)
 f - a +1 cloak (worn)
 j - a cursed +0 robe (worn)
Jewellery
 h - a ring of protection from magic (left hand)
 k - an amulet of clarity (around neck)
Scrolls
 w - a scroll of fear
Potions
 i - a potion of haste
 n - a potion of might
 o - a potion of mutation
 p - 2 potions of flight
 q - a potion of curing
 x - a potion of lignification
Books
 c - a book of Minor Magic

   Spells                             Type                      Level
   a - Magic Dart                     Conjuration                  1
   b - Blink                          Translocation                2
   c - Call Imp                       Summoning                    2
   d - Repel Missiles                 Charms/Air                   2
   e - Slow                           Hexes                        2
   f - Conjure Flame                  Conjuration/Fire             3
   g - Mephitic Cloud                 Conjuration/Poison/Air       3
Comestibles
 d - 6 bread rations
 l - a royal jelly
 r - 2 meat rations
 A - 2 fruits


   Skills:
 - Level 3.4 Fighting
 + Level 0.0 Throwing
 + Level 3.7 Dodging
 - Level 2.2 Stealth
 - Level 3.0 Spellcasting
 + Level 4.9 Conjurations
   Level 1.0 Summonings
 - Level 0.8 Translocations
 - Level 2.0 Air Magic
 - Level 2.3 Poison Magic
 + Level 0.6 Invocations


You had 4 spell levels left.
You knew the following spells:

 Your Spells              Type           Power        Failure   Level  Hunger
a - Magic Dart            Conj           ###.         1%          1    None
b - Blink                 Tloc           N/A          14%         2    ##.....
c - Repel Missiles        Chrm/Air       #.....       14%         2    ##.....
d - Mephitic Cloud        Conj/Pois/Air  ###.....     14%         3    ###....


Dungeon Overview and Level Annotations

Branches:
Dungeon (5/15)             Temple (1/1) D:4

Altars:
Ashenzari
Cheibriados
Dithmenos
Elyvilon
Fedhas
Gozag
Kikubaaqudgha
Makhleb
Nemelex Xobeh
Okawaru
Qazlal
Ru
Sif Muna
Trog
Vehumet
Xom
Yredelemnul
The Shining One

Shops:
D:4 %


Innate Abilities, Weirdness & Mutations

You have sharp toenails.
You are partially covered in molten scales (AC +1).
You are immune to rotting.


Message History

Casting: Magic Dart
Confirm with . or Enter, or press ? or * to list all spells.
Aiming: Magic Dart
Press: ? - help, Shift-Dir - straight line, f/p - centaur
Aim: a centaur, wielding a shortbow (lightly wounded)
The magic dart hits the centaur.
The centaur is lightly wounded.
The centaur shoots an arrow.
The arrow hits you.
* * * LOW HITPOINT WARNING * * *
The centaur shoots an arrow.
The arrow hits you!
* * * LOW HITPOINT WARNING * * *
Casting: Magic Dart
Confirm with . or Enter, or press ? or * to list all spells.
Aiming: Magic Dart
Press: ? - help, Shift-Dir - straight line, f/p - centaur
Aim: a centaur, wielding a shortbow (lightly wounded)
The magic dart hits the centaur.
The centaur is moderately wounded.
The centaur shoots an arrow.
The arrow hits you.
You die...

#.......# .# #.###....
####.# #.# #..## #<..c#
#.# #..# #....# #.#
#..# # #....# #.###..#
###.#....# #......#
.........# ######.#
.......@#############.#
###....(..............#
#####################


You could see a centaur.

Vanquished Creatures
  The ghost of M4edhros the Charlatan, an amateur OpAr of Okawaru (D:3)
  A giant frog (D:3)
  An orc wizard (D:4)
  2 orc priests
  A gnoll shaman (D:4)
  An iguana (D:4)
  3 worker ants (D:4)
  12 adders
  11 gnolls
  An ooze (D:4)
  An adder skeleton (D:4)
  6 worms
  3 giant geckos
  8 orcs
  3 ball pythons
  12 bats
  10 hobgoblins
  3 jackals (D:4)
  4 kobolds
  4 quokkas
  14 giant cockroaches
  A giant gecko skeleton (D:4)
  5 giant newts
  7 goblins
  5 rats (D:1)
120 creatures vanquished.

Notes
Turn   | Place    | Note
--------------------------------------------------------------
     0 | D:1      | Ijustatesigmund the Demonspawn Wizard began the quest for the Orb.
     0 | D:1      | Reached XP level 1. HP: 13/13 MP: 4/4
   285 | D:1      | Gained mutation: You are immune to rotting. [demonic ancestry]
   285 | D:1      | Reached XP level 2. HP: 19/19 MP: 3/6
   477 | D:1      | Learned a level 2 spell: Blink
   480 | D:1      | Learned a level 2 spell: Repel Missiles
   832 | D:1      | Reached skill level 1 in Fighting
   869 | D:1      | Gained mutation: You have sharp toenails. [demonic ancestry]
   869 | D:1      | Reached XP level 3. HP: 26/26 MP: 1/7
   939 | D:1      | Learned a level 3 spell: Mephitic Cloud
  1694 | D:2      | Reached skill level 1 in Poison Magic
  1694 | D:2      | Reached XP level 4. HP: 24/32 MP: 0/8
  2013 | D:2      | Found a snail-covered altar of Cheibriados.
  2013 | D:2      | Found a white marble altar of Elyvilon.
  2457 | D:2      | Reached skill level 1 in Air Magic
  2671 | D:3      | Noticed M4edhros's ghost (amateur OpAr)
  2696 | D:3      | Killed M4edhros's ghost
  2696 | D:3      | Gained mutation: You are partially covered in molten scales (AC +1). [demonic ancestry]
  2696 | D:3      | Reached XP level 5. HP: 10/39 MP: 0/9
  2920 | D:3      | You fall through a shaft!
  2920 | D:4      | Found Ipsofik's Food Boutique.
  3305 | D:3      | Reached XP level 6. HP: 42/46 MP: 4/10
  4012 | D:3      | Noticed a giant frog
  4337 | D:3      | Killed a giant frog
  5166 | D:4      | Reached skill level 4 in Conjurations
  5790 | D:4      | Reached XP level 7. HP: 52/52 MP: 4/11
  6670 | D:4      | Found a staircase to the Ecumenical Temple.
  6719 | Temple   | Entered the Ecumenical Temple
  6818 | Temple   | Became a worshipper of Warmaster Okawaru
  7038 | D:5      | Entered Level 5 of the Dungeon
  7205 | D:5      | Shot with an arrow by a centaur

Action                   |  1- 3 |  4- 6 |  7- 9 || total
-------------------------+-------+-------+-------++-------
Melee: Dagger            |    33 |    85 |    67 ||   185
Throw: Javelin           |       |    12 |       ||    12
 Cast: Magic Dart        |    80 |   177 |    94 ||   351
       Repel Missiles    |     1 |     1 |       ||     2
       Blink             |     1 |     1 |       ||     2
       Mephitic Cloud    |       |    11 |     2 ||    13
  Use: Scroll            |     3 |    11 |     1 ||    15
       Potion            |       |     1 |       ||     1
 Stab: Sleeping          |     1 |     1 |       ||     2
       Confused          |       |     3 |       ||     3
  Eat: Chunk             |     2 |     9 |     4 ||    15
       Fruit             |       |     3 |       ||     3
       Beef jerky        |       |     2 |       ||     2
